[Event "73rd RUS-ch Higher League 2020"]
[Site "Sochi"]
[Date "2020.10.09"]
[Round "2.6"]
[White "Rozum, Ivan"]
[Black "Khismatullin, Denis"]
[Result "1/2-1/2"]
[ECO "A14"]
[WhiteElo "2566"]
[BlackElo "2604"]
[Annotator "ChessBase"]
[PlyCount "94"]
[EventDate "2020.10.08"]
[EventType "swiss"]
[EventCountry "RUS"]
[SourceTitle "playchess.com"]
[Source "ChessBase"]
[SourceQuality "1"]
[TimeControl "40/5400+30:1800+30"]

1. c4 Nf6 2. Nf3 e6 3. g3 d5 4. Bg2 Be7 5. O-O O-O 6. b3 c5 7. cxd5 Nxd5 8. Bb2 b6 9. d4 Bb7 10. Re1 Nc6 11. e4 Nc7 12. dxc5 Bxc5 13. a3 Qxd1 14. Rxd1 Rfd8 15. Nbd2 Nb5 16. b4 Bf8 17. Nb3 Rxd1+ 18. Rxd1 Rd8 19. Rxd8 Nxd8 20. Nfd2 f6 21. f4 Kf7 22. Kf2 Nd6 23. Bf3 Ba6 24. e5 Nc4 25. Nxc4 Bxc4 26. Nd2 Bb5 27. exf6 gxf6 28. Ne4 f5 29. Bh5+ Ke7 30. Ng5 h6 31. Nh7 Nf7 32. h3 Bd3 33. Bg6 a5 34. Bd4 axb4 35. axb4 e5 36. Bxb6 Bg7 37. Bc5+ Nd6 38. g4 Ke6 39. Bxd6 Kxd6 40. Bxf5 Bb5 41. fxe5+ Bxe5 42. g5 Bd4+ 43. Kf3 Ke5 44. Be4 hxg5 45. Nxg5 Bc3 46. Nf7+ Ke6 47. Nd8+ Ke5 1/2-1/2

[Event "73rd RUS-ch Higher League 2020"]
[Site "Sochi"]
[Date "2020.10.09"]
[Round "2.7"]
[White "Chigaev, Maksim"]
[Black "Klimentov, Evgeny"]
[Result "1-0"]
[ECO "B13"]
[WhiteElo "2598"]
[BlackElo "2222"]
[Annotator "ChessBase"]
[PlyCount "93"]
[EventDate "2020.10.08"]
[EventType "swiss"]
[EventCountry "RUS"]
[SourceTitle "playchess.com"]
[Source "ChessBase"]
[SourceQuality "1"]
[TimeControl "40/5400+30:1800+30"]

1. e4 c6 2. d4 d5 3. exd5 cxd5 4. Bd3 Nf6 5. c3 Nc6 6. Bf4 Bg4 7. Qb3 Qc8 8. Nd2 e6 9. Ngf3 Be7 10. O-O O-O 11. Rae1 Bh5 12. Ne5 Nxe5 13. Bxe5 Bg6 14. Bxg6 hxg6 15. h3 Qc6 16. a4 Rfc8 17. Re3 Nd7 18. Nf3 Nb6 19. Ra1 Nc4 20. Re2 a6 21. Qd1 b5 22. Bf4 Bd6 23. Bxd6 Nxd6 24. Ne5 Qc7 25. Nd3 Ne4 26. a5 Re8 27. f3 Nd6 28. Qe1 Rec8 29. Nc5 Nb7 30. b4 Nxc5 31. dxc5 Re8 32. Rd1 Rad8 33. Re5 Qc6 34. f4 f6 35. Re3 Kf7 36. Qg3 Re7 37. Qg4 e5 38. fxe5 fxe5 39. Qh4 Rde8 40. Qh7 Rf8 41. Rf3+ Ke8 42. Rxf8+ Kxf8 43. Qh8+ Kf7 44. Rf1+ Ke6 45. Qg8+ Kd7 46. Rd1 Kc7 47. Qxd5 1-0

[Event "73rd RUS-ch Higher League 2020"]
[Site "Sochi"]
[Date "2020.10.09"]
[Round "2.8"]
[White "Samusenko, Maksim"]
[Black "Sakaev, Konstantin"]
[Result "1/2-1/2"]
[ECO "B23"]
[WhiteElo "2459"]
[BlackElo "2596"]
[Annotator "ChessBase"]
[PlyCount "90"]
[EventDate "2020.10.08"]
[EventType "swiss"]
[EventCountry "RUS"]
[SourceTitle "playchess.com"]
[Source "ChessBase"]
[SourceQuality "1"]
[TimeControl "40/5400+30:1800+30"]

1. e4 c5 2. Nc3 d6 3. d4 cxd4 4. Qxd4 Nc6 5. Qd2 Nf6 6. b3 a6 7. Bb2 e6 8. O-O-O Be7 9. Kb1 b5 10. g4 b4 11. Na4 e5 12. h3 Bb7 13. Bg2 Nd7 14. f4 Qc7 15. Nf3 a5 16. g5 O-O-O 17. fxe5 dxe5 18. Qe3 Kb8 19. h4 h6 20. Rhe1 hxg5 21. hxg5 f6 22. Bf1 Na7 23. gxf6 gxf6 24. c3 Nc5 25. Rxd8+ Rxd8 26. cxb4 Nxa4 27. bxa4 axb4 28. Rc1 Qa5 29. Nd2 Qxa4 30. Nb3 Rc8 31. Rxc8+ Nxc8 32. Bd3 Ba6 33. Qe2 Bxd3+ 34. Qxd3 Qc6 35. Na5 Qa8 36. Nc4 Qc6 37. Na5 Qa8 38. Nc4 Kc7 39. Bc1 Nd6 40. Nxd6 Bxd6 41. Bd2 Qg8 42. Qc2+ Kb7 43. Qd3 Kc7 44. Qc2+ Kb7 45. Qd3 Kc7 1/2-1/2

[Event "73rd RUS-ch Higher League 2020"]
[Site "Sochi"]
[Date "2020.10.09"]
[Round "2.16"]
[White "Pridorozhni, Aleksei"]
[Black "Shuvalova, Polina"]
[Result "1/2-1/2"]
[ECO "B12"]
[WhiteElo "2596"]
[BlackElo "2441"]
[Annotator "ChessBase"]
[PlyCount "95"]
[EventDate "2020.10.08"]
[EventType "swiss"]
[EventCountry "RUS"]
[SourceTitle "playchess.com"]
[Source "ChessBase"]
[SourceQuality "1"]
[TimeControl "40/5400+30:1800+30"]

1. e4 c6 2. d4 d5 3. e5 Bf5 4. h4 h5 5. Bd3 Bxd3 6. Qxd3 Qa5+ 7. Nd2 e6 8. Ngf3 Nh6 9. O-O Nf5 10. c4 Be7 11. g3 O-O 12. a3 dxc4 13. Nxc4 Qd5 14. Bg5 Bxg5 15. Nxg5 Qxd4 16. Qc2 Qc5 17. b4 Qe7 18. Nd6 g6 19. Rfe1 Na6 20. Rad1 Rad8 21. Nxf5 exf5 22. Rxd8 Rxd8 23. e6 f6 24. Nf7 Re8 25. Qd2 Qf8 26. Qd6 Re7 27. Nd8 Qe8 28. Kg2 Kg7 29. Kh2 Nc7 30. a4 Na6 31. Rd1 Kg8 32. Qd4 Kg7 33. Qc4 Nc7 34. Rd6 Nd5 35. Qd4 a6 36. Kg2 Nc7 37. Qc4 Nd5 38. b5 axb5 39. axb5 Nc7 40. bxc6 bxc6 41. Qxc6 Kf8 42. Qc4 Kg7 43. Kh2 Nb5 44. Rd7 Rxd7 45. exd7 Qxd8 46. Qc8 Qb6 47. d8=Q Qxf2+ 48. Kh1 1/2-1/2

[Event "73rd RUS-ch Higher League 2020"]
[Site "Sochi"]
[Date "2020.10.09"]
[Round "2.17"]
[White "Zabotin, Alexander"]
[Black "Lintchevski, Daniil"]
[Result "1/2-1/2"]
[ECO "D10"]
[WhiteElo "2486"]
[BlackElo "2559"]
[Annotator "ChessBase"]
[PlyCount "28"]
[EventDate "2020.10.08"]
[EventType "swiss"]
[EventCountry "RUS"]
[SourceTitle "playchess.com"]
[Source "ChessBase"]
[SourceQuality "1"]
[TimeControl "40/5400+30:1800+30"]

1. d4 d5 2. c4 c6 3. cxd5 cxd5 4. Bg5 h6 5. Bh4 Qb6 6. Nc3 e6 7. Rc1 Qxb2 8. Nxd5 exd5 9. Rxc8+ Kd7 10. Rxf8 Qb4+ 11. Qd2 Qb1+ 12. Qd1 Qb4+ 13. Qd2 Qb1+ 14. Qd1 Qb4+ 1/2-1/2

[Event "73rd RUS-ch Higher League 2020"]
[Site "Sochi"]
[Date "2020.10.09"]
[Round "2.20"]
[White "Rodchenkov, Vitaly"]
[Black "Nesterov, Arseniy"]
[Result "1/2-1/2"]
[ECO "A46"]
[WhiteElo "2321"]
[BlackElo "2510"]
[Annotator "ChessBase"]
[PlyCount "135"]
[EventDate "2020.10.08"]
[EventType "swiss"]
[EventCountry "RUS"]
[SourceTitle "playchess.com"]
[Source "ChessBase"]
[SourceQuality "1"]
[TimeControl "40/5400+30:1800+30"]

1. d4 Nf6 2. Nf3 e6 3. Bg5 d5 4. e3 c5 5. Nbd2 Nc6 6. c3 Be7 7. Bd3 O-O 8. Ne5 cxd4 9. exd4 Nxe5 10. dxe5 Nd7 11. Bxe7 Qxe7 12. O-O Nxe5 13. Bxh7+ Kxh7 14. Qh5+ Kg8 15. Qxe5 f6 16. Qd4 b6 17. Rfe1 Qf7 18. f4 Bd7 19. Nf3 Rac8 20. Qd2 Rc4 21. Rad1 Bc8 22. Nd4 Re8 23. b3 Rc7 24. Nf3 Rce7 25. Re3 Qh5 26. Rde1 Qf5 27. Qd4 Bb7 28. h3 Qg6 29. Kh2 Qf7 30. Qd2 Bc8 31. Qd4 Rc7 32. Kh1 Bd7 33. Qd2 Rc5 34. Nd4 a5 35. Qf2 a4 36. Qe2 b5 37. Qd2 Rc7 38. Qd3 axb3 39. axb3 Rec8 40. Nxb5 Bxb5 41. Qxb5 Rxc3 42. Rxe6 Rc1 43. Kh2 Rxe1 44. Rxe1 d4 45. Qb6 Qd5 46. Qe6+ Qxe6 47. Rxe6 Rb8 48. Rd6 Rb4 49. f5 Rxb3 50. Rxd4 Rb5 51. g4 Rb2+ 52. Kg3 Rb3+ 53. Kh4 Ra3 54. Rd1 Kf7 55. Rg1 Ra8 56. Kg3 Ra3+ 57. Kh2 Ra2+ 58. Rg2 Ra3 59. Rf2 Rb3 60. Kg2 Ra3 61. Rf3 Ra2+ 62. Kg3 Ra1 63. Rb3 Rc1 64. Kh4 Kg8 65. Kh5 Kh7 66. Rb7 Rc5 67. Kh4 Rc3 68. Ra7 1/2-1/2

[Event "73rd RUS-ch Higher League 2020"]
[Site "Sochi"]
[Date "2020.10.09"]
[Round "2.21"]
[White "Nazaretyan, Tigran"]
[Black "Belyakov, Bogdan"]
[Result "0-1"]
[ECO "D91"]
[WhiteElo "2308"]
[BlackElo "2458"]
[Annotator "ChessBase"]
[PlyCount "110"]
[EventDate "2020.10.08"]
[EventType "swiss"]
[EventCountry "RUS"]
[SourceTitle "playchess.com"]
[Source "ChessBase"]
[SourceQuality "1"]
[TimeControl "40/5400+30:1800+30"]

1. d4 Nf6 2. c4 g6 3. Nc3 d5 4. Nf3 Bg7 5. Bg5 dxc4 6. e4 c5 7. d5 b5 8. d6 Bb7 9. e5 Ne4 10. Nxe4 Bxe4 11. a4 f6 12. axb5 O-O 13. Bxc4+ Kh8 14. Qe2 Bxf3 15. Qxf3 Nd7 16. exf6 Nxf6 17. dxe7 Qxe7+ 18. Qe3 Qxe3+ 19. Bxe3 Ng4 20. O-O Nxe3 21. fxe3 Rxf1+ 22. Kxf1 Bxb2 23. Ra2 Be5 24. Ke2 Bxh2 25. b6 a5 26. b7 Ra7 27. Bd5 a4 28. Kd3 a3 29. Rf2 Kg7 30. Rf7+ Kh6 31. Ba2 Ra4 32. Re7 Rb4 33. Re4 Rxb7 34. Rh4+ Kg7 35. Rxh2 Rb2 36. Bc4 a2 37. Bxa2 Rxa2 38. Kc4 Re2 39. Kd3 Rf2 40. Kc4 Re2 41. Kd3 Rf2 42. Kc4 Rf5 43. g4 Rg5 44. Rf2 Rxg4+ 45. Kxc5 h5 46. Kd5 h4 47. e4 h3 48. e5 Rh4 49. Rh2 g5 50. Rh1 g4 51. Ke4 g3+ 52. Kf3 g2 53. Re1 Rg4 54. Rg1 h2 55. Rxg2 h1=Q 0-1

[Event "73rd RUS-ch Higher League 2020"]
[Site "Sochi"]
[Date "2020.10.09"]
[Round "2.22"]
[White "Kardashevskiy, Evgeny"]
[Black "Obgolts, Erik"]
[Result "1/2-1/2"]
[ECO "E90"]
[WhiteElo "2449"]
[BlackElo "2376"]
[Annotator "ChessBase"]
[PlyCount "105"]
[EventDate "2020.10.08"]
[EventType "swiss"]
[EventCountry "RUS"]
[SourceTitle "playchess.com"]
[Source "ChessBase"]
[SourceQuality "1"]
[TimeControl "40/5400+30:1800+30"]

1. d4 Nf6 2. c4 g6 3. Nc3 Bg7 4. e4 d6 5. Nf3 O-O 6. h3 e5 7. d5 Na6 8. Bg5 c6 9. Be2 h6 10. Be3 Nc5 11. Nd2 a5 12. g4 Nfd7 13. h4 Nb6 14. h5 Bd7 15. Nf1 cxd5 16. cxd5 Rc8 17. Qd2 g5 18. Ng3 Nba4 19. Nd1 b5 20. b3 Nb6 21. Qxa5 Ra8 22. Qc3 Qb8 23. O-O Rc8 24. Qb4 Na6 25. Qd2 Nc5 26. Nb2 Rc7 27. Nd3 Nxd3 28. Qxd3 Nc8 29. Qd2 Bf6 30. Rfc1 Bd8 31. Rxc7 Qxc7 32. Rc1 Qb7 33. Rc2 Kh7 34. Nf5 Qb8 35. Kg2 Ne7 36. Ng3 Ba5 37. Qc1 Bd8 38. Nf1 Ng8 39. Nd2 Nf6 40. f3 Bb6 41. Bxb6 Qxb6 42. b4 Ra4 43. a3 Qa7 44. Rc7 Qe3 45. Bxb5 Rxa3 46. Bxd7 Nxd7 47. Qd1 Ra2 48. Rc2 Rxc2 49. Qxc2 Qe2+ 50. Kg1 Kg7 51. Qc3 Qe1+ 52. Kg2 Qe2+ 53. Kg1 1/2-1/2

[Event "73rd RUS-ch Higher League 2020"]
[Site "Sochi"]
[Date "2020.10.09"]
[Round "2.23"]
[White "Saidov, Bilukhadzh"]
[Black "Pogosyan, Stefan"]
[Result "1-0"]
[ECO "E56"]
[WhiteElo "2259"]
[BlackElo "2442"]
[Annotator "ChessBase"]
[PlyCount "77"]
[EventDate "2020.10.08"]
[EventType "swiss"]
[EventCountry "RUS"]
[SourceTitle "playchess.com"]
[Source "ChessBase"]
[SourceQuality "1"]
[TimeControl "40/5400+30:1800+30"]

1. d4 Nf6 2. Nf3 d5 3. c4 e6 4. Nc3 Bb4 5. e3 O-O 6. Bd3 c5 7. O-O Nc6 8. dxc5 Bxc5 9. b3 Qe7 10. cxd5 exd5 11. Bb2 Bg4 12. Be2 Rfd8 13. Nb5 Rac8 14. Rc1 Ne4 15. Nbd4 Bd6 16. Nxc6 bxc6 17. h3 Bh5 18. Qd4 f6 19. Rc2 c5 20. Qd1 Bb8 21. Re1 Qd6 22. Kf1 a5 23. Qc1 a4 24. Rd1 Qb6 25. bxa4 Be8 26. Bb5 Bxb5+ 27. axb5 Qxb5+ 28. Kg1 c4 29. Bd4 Qa5 30. Qa1 Ba7 31. a4 Bxd4 32. Nxd4 Nc5 33. Nf5 Nb3 34. Qb2 Qc5 35. Qc3 Ra8 36. Qxb3 Qc8 37. Ne7+ Kf7 38. Nxc8 cxb3 39. Rc7+ 1-0

[Event "73rd RUS-ch Higher League 2020"]
[Site "Sochi"]
[Date "2020.10.09"]
[Round "2.24"]
[White "Makarian, Rudik"]
[Black "Stukan, Martin"]
[Result "1-0"]
[ECO "B20"]
[WhiteElo "2441"]
[BlackElo "2316"]
[Annotator "ChessBase"]
[PlyCount "119"]
[EventDate "2020.10.08"]
[EventType "swiss"]
[EventCountry "RUS"]
[SourceTitle "playchess.com"]
[Source "ChessBase"]
[SourceQuality "1"]
[TimeControl "40/5400+30:1800+30"]

1. e4 c5 2. Ne2 Nf6 3. Nbc3 d6 4. g3 g6 5. Bg2 Bg7 6. O-O O-O 7. d4 cxd4 8. Nxd4 Nc6 9. Nb3 Bg4 10. f3 Be6 11. Kh1 d5 12. Nc5 dxe4 13. Nxe6 fxe6 14. Be3 exf3 15. Qxf3 Qa5 16. Bh3 e5 17. Ne4 Nd5 18. Qe2 Nd4 19. Qc4 Nf5 20. Bc5 Rad8 21. Rad1 b5 22. Qb3 Qa4 23. Qxa4 bxa4 24. Bxa7 Nde3 25. Bxe3 Rxd1 26. Rxd1 Nxe3 27. Rc1 Bh6 28. c4 Nd5 29. Rd1 Ne3 30. Rc1 Nd5 31. Re1 Nb4 32. c5 Rd8 33. a3 Nc6 34. Nc3 e4 35. Bg2 Bd2 36. Rd1 Bxc3 37. Rxd8+ Nxd8 38. bxc3 Kf7 39. Bxe4 Ke6 40. Kg2 Ke5 41. Bc2 Kd5 42. Bxa4 Kxc5 43. Bb3 Nb7 44. Kf3 Nd6 45. a4 e5 46. Bg8 h6 47. Bh7 g5 48. Bd3 Kb6 49. Kg4 Ka5 50. Bc2 e4 51. h4 gxh4 52. gxh4 e3 53. Kf3 Nc4 54. Ke2 Na3 55. Bd3 Kxa4 56. Kxe3 h5 57. Kd4 Ka5 58. c4 Kb6 59. Kd5 Kc7 60. c5 1-0

[Event "73rd RUS-ch Higher League 2020"]
[Site "Sochi"]
[Date "2020.10.09"]
[Round "2.25"]
[White "Rodin, Dmitrij"]
[Black "Ibadov, Dashgyn"]
[Result "0-1"]
[ECO "C77"]
[WhiteElo "2388"]
[BlackElo "2296"]
[Annotator "ChessBase"]
[PlyCount "120"]
[EventDate "2020.10.08"]
[EventType "swiss"]
[EventCountry "RUS"]
[SourceTitle "playchess.com"]
[Source "ChessBase"]
[SourceQuality "1"]
[TimeControl "40/5400+30:1800+30"]

1. e4 e5 2. Nf3 Nc6 3. Bb5 a6 4. Ba4 Nf6 5. d3 b5 6. Bb3 Bc5 7. O-O d6 8. c3 h6 9. d4 Bb6 10. Re1 O-O 11. Be3 Bg4 12. d5 Bxe3 13. Rxe3 Ne7 14. Nbd2 Ng6 15. Rc1 Nd7 16. h3 Bxf3 17. Nxf3 h5 18. g3 h4 19. Bc2 a5 20. Kh2 Qf6 21. Qe2 Rfb8 22. Bd3 Nc5 23. Bxb5 hxg3+ 24. fxg3 Nf4 25. Qf1 Qh6 26. Rce1 Rxb5 27. gxf4 Qxf4+ 28. Kh1 Rxb2 29. R3e2 Rab8 30. Qg2 Rxe2 31. Qxe2 Na4 32. Rf1 Nxc3 33. Qc4 Nxe4 34. Qxc7 Rb1 35. Qc8+ Kh7 36. Ng5+ Nxg5 37. Qc2+ Ne4 38. Rxb1 f5 39. Qg2 Qe3 40. Rb3 Qc1+ 41. Kh2 Nd2 42. Qf2 Nxb3 43. Qxf5+ Kh6 44. Qe6+ g6 45. axb3 Qf4+ 46. Kg2 e4 47. Qg8 Qf3+ 48. Kh2 Qf2+ 49. Kh1 e3 50. Qh8+ Kg5 51. Qd8+ Qf6 52. h4+ Kf5 53. Qc8+ Kf4 54. Kg2 Qb2+ 55. Kh3 e2 56. Qg4+ Ke3 57. Qg5+ Kd3 58. Qxg6+ Kd2 59. Qg5+ Kd1 60. Qg4 Qe5 0-1

[Event "73rd RUS-ch Higher League 2020"]
[Site "Sochi"]
[Date "2020.10.10"]
[Round "3.2"]
[White "Goganov, Aleksey"]
[Black "Chigaev, Maksim"]
[Result "1/2-1/2"]
[ECO "B51"]
[WhiteElo "2573"]
[BlackElo "2598"]
[Annotator "RC"]
[PlyCount "118"]
[EventDate "2020.10.08"]
[EventType "swiss"]
[EventCountry "RUS"]
[SourceTitle "playchess.com"]
[Source "ChessBase"]
[SourceQuality "1"]
[TimeControl "40/5400+30:1800+30"]

1. e4 c5 2. Nf3 d6 3. Bb5+ Nd7 4. d4 cxd4 5. Qxd4 a6 6. Bxd7+ Bxd7 7. O-O Nf6 8. Nc3 e6 9. Qd3 Bc6 10. Nd4 Be7 11. Bf4 Rc8 12. Rfd1 O-O 13. a4 Qa5 14. Nb3 Qh5 15. Nd4 h6 16. a5 Qg6 17. Nxc6 Rxc6 18. Ra4 Rfc8 19. e5 Qxd3 20. Rxd3 Nh5 21. exd6 Nxf4 22. Rxf4 Bxd6 23. Rfd4 Bc7 24. Rd7 Bxa5 25. Rxb7 Bxc3 26. bxc3 Rxc3 27. Rdd7 Rxc2 28. g3 Rf8 29. Rb6 a5 30. Ra6 Rc5 31. Rda7 Rd8 32. Rxa5 Rd1+ 33. Kg2 Rxa5 34. Rxa5 f5 35. Ra7 Kh7 36. h3 Kg6 37. h4 Kf6 38. Rb7 Rd2 39. Ra7 g5 40. hxg5+ hxg5 41. Rb7 Ra2 42. Rb5 Ra6 43. Rb7 Rd6 44. Rb5 e5 45. Ra5 e4 46. Ra8 Rd2 47. Kf1 Kg6 48. Ra5 Rd3 49. Kg2 Rf3 50. Ra6+ Kh5 51. Ra5 Kg4 52. Re5 Ra3 53. Re8 Ra2 54. Re5 Rb2 55. Re8 Re2 56. Re5 f4 57. gxf4 gxf4 58. Rxe4 Rxe4 59. f3+ Kf5 1/2-1/2

[Event "73rd RUS-ch Higher League 2020"]
[Site "Sochi"]
[Date "2020.10.11"]
[Round "4.12"]
[White "Samusenko, Maksim"]
[Black "Riazantsev, Alexander"]
[Result "1/2-1/2"]
[ECO "B11"]
[WhiteElo "2459"]
[BlackElo "2638"]
[Annotator "RC"]
[PlyCount "66"]
[EventDate "2020.10.08"]
[EventType "swiss"]
[EventCountry "RUS"]
[SourceTitle "playchess.com"]
[Source "ChessBase"]
[SourceQuality "1"]
[TimeControl "40/5400+30:1800+30"]

1. e4 c6 2. Nc3 d5 3. Nf3 Bg4 4. h3 Bxf3 5. Qxf3 e6 6. Be2 Nf6 7. O-O Bc5 8. Rd1 Bd4 9. Qf4 dxe4 10. d3 e3 11. fxe3 Bb6 12. Rf1 O-O 13. Kh1 Nd5 14. Qf3 Nd7 15. e4 Nb4 16. Bd1 f5 17. Qe2 Kh8 18. a3 Na6 19. Be3 Qc7 20. exf5 Bxe3 21. Qxe3 exf5 22. Bf3 Rae8 23. Qf2 Nac5 24. Rae1 Qb6 25. Rxe8 Rxe8 26. d4 Ne6 27. d5 cxd5 28. Qxb6 Nxb6 29. Nxd5 Nc4 30. Re1 Nc7 31. Rb1 Ne6 32. Re1 Nc7 33. Rb1 Ne6 1/2-1/2

[Event "73rd RUS-ch Higher League 2020"]
[Site "Sochi"]
[Date "2020.10.11"]
[Round "4.24"]
[White "Rodin, Dmitrij"]
[Black "Rodchenkov, Vitaly"]
[Result "1/2-1/2"]
[ECO "C41"]
[WhiteElo "2388"]
[BlackElo "2321"]
[Annotator "RC"]
[PlyCount "119"]
[EventDate "2020.10.08"]
[EventType "swiss"]
[EventCountry "RUS"]
[SourceTitle "playchess.com"]
[Source "ChessBase"]
[SourceQuality "1"]
[TimeControl "40/5400+30:1800+30"]

1. e4 d6 2. d4 Nf6 3. Nc3 e5 4. Nf3 Nbd7 5. Bc4 Be7 6. O-O O-O 7. Re1 c6 8. a4 a5 9. Ba2 Qb6 10. Rb1 exd4 11. Qxd4 Qxd4 12. Nxd4 Nc5 13. Bf4 Nh5 14. Be3 Re8 15. Rbd1 Bf8 16. f3 g6 17. Re2 Nf6 18. Bf4 Nfd7 19. Nb3 Nxb3 20. Bxb3 Ne5 21. Red2 Be6 22. Bxe6 Rxe6 23. b3 f5 24. exf5 gxf5 25. Bg3 Rae8 26. Kf1 d5 27. Ne2 Bh6 28. Bf4 Kf7 29. h3 Bxf4 30. Nxf4 R6e7 31. Kf2 Ng6 32. Nd3 f4 33. c4 Rg8 34. cxd5 cxd5 35. Ne1 Re3 36. Rxd5 Rxb3 37. Nd3 Rf8 38. Rxa5 Kg8 39. Rb5 Ra3 40. Nb2 Rc8 41. Rd2 Rc7 42. Rbd5 Ra2 43. Rd8+ Nf8 44. Nc4 Rxd2+ 45. Nxd2 Rc2 46. Ke2 Ra2 47. Rd4 Ne6 48. Rb4 Nc5 49. Rxf4 Nb3 50. Rb4 Nxd2 51. Ke1 b6 52. h4 Kg7 53. h5 Kh6 54. Rxb6+ Kxh5 55. Rb4 Kg5 56. a5 h5 57. a6 Rxa6 58. Kxd2 Ra2+ 59. Ke3 Rxg2 60. Rb8 1/2-1/2

[Event "73rd RUS-ch Higher League 2020"]
[Site "Sochi"]
[Date "2020.10.12"]
[Round "5.24"]
[White "Rodchenkov, Vitaly"]
[Black "Bimiev, Ahmad"]
[Result "1/2-1/2"]
[ECO "A48"]
[WhiteElo "2321"]
[BlackElo "2252"]
[Annotator "NA"]
[PlyCount "80"]
[EventDate "2020.10.08"]
[EventType "swiss"]
[EventCountry "RUS"]
[SourceTitle "playchess.com"]
[Source "ChessBase"]
[SourceQuality "1"]
[TimeControl "40/5400+30:1800+30"]

1. d4 Nf6 2. Nf3 g6 3. Bg5 Bg7 4. Nbd2 d5 5. e3 O-O 6. Bd3 c5 7. c3 Nc6 8. O-O Nd7 9. Rb1 {[%emt 0:03:54] D03: 1 d4 d5 2 Nf3 Nf6 3 Bg5, including Torre Attack with early ...d5.} h6 10. Bh4 {[%emt 0:00:08] [#]} Qb6 $146 ({Predecessor:} 10... g5 11. Bg3 f5 12. Qc2 e6 13. Bd6 c4 14. Be2 Rf7 15. b3 g4 16. Ne1 b5 17. bxc4 bxc4 {1-0 (38) Plachetka,J (2440)-Schmidt,W (2475) Trnava 1985}) 11. b4 c4 12. Bc2 e5 13. b5 Nd8 (13... Na5 $11) 14. e4 exd4 15. Nxd4 ({Not} 15. exd5 $2 d3 $17) 15... Ne6 16. Nxe6 Qxe6 17. exd5 Qxd5 18. Ne4 Qxd1 19. Rbxd1 g5 20. Bg3 Nb6 21. Bd6 Re8 22. Bb4 Bf5 $11 23. f3 Rad8 24. Ba5 Bxe4 25. Bxe4 Rxd1 26. Rxd1 Na4 27. Bxb7 Nxc3 28. Bxc3 Bxc3 29. Kf1 Be5 30. g3 c3 31. Be4 Rc8 32. Bc2 Kf8 33. Rd5 Re8 34. Rd7 Re7 35. Rd8+ Re8 36. Rd7 Re7 37. Rd8+ Re8 38. Rd7 Re7 39. Rd8+ Re8 40. Rd7 Re7 1/2-1/2

[Event "73rd RUS-ch Higher League 2020"]
[Site "Sochi"]
[Date "2020.10.12"]
[Round "5.25"]
[White "Ibadov, Dashgyn"]
[Black "Tugarin, Anton"]
[Result "1/2-1/2"]
[ECO "C16"]
[WhiteElo "2296"]
[BlackElo "2224"]
[Annotator "NA"]
[PlyCount "119"]
[EventDate "2020.10.08"]
[EventType "swiss"]
[EventCountry "RUS"]
[SourceTitle "playchess.com"]
[Source "ChessBase"]
[SourceQuality "1"]
[TimeControl "40/5400+30:1800+30"]

1. e4 e6 2. d4 d5 3. Nc3 Bb4 4. e5 Ne7 5. a3 Bxc3+ 6. bxc3 c5 7. h4 Qa5 8. Bd2 Qa4 9. Qg4 Qxc2 10. Qxg7 Rg8 11. Qh6 $1 cxd4 12. cxd4 Qb2 {[%emt 0:01:58] Double Attack} 13. Rc1 Qxd4 14. Nf3 Qe4+ 15. Be3 $11 Qg6 16. Qf4 Nbc6 17. h5 Qf5 18. Ng5 Rh8 19. g4 Qxf4 20. Bxf4 h6 21. Nf3 Bd7 22. g5 O-O-O 23. Bd3 Rdg8 24. gxh6 Nf5 25. Bxf5 exf5 26. Ng5 Be6 27. Kd2 Kd7 28. Rhg1 Re8 29. Nf3 d4 30. Kd3 Bd5 31. Rxc6 bxc6 32. Nxd4 Be4+ 33. Ke3 c5 34. Nb3 Rc8 35. Rc1 c4 36. Nd4 Rhg8 37. Nb5 Bd5 38. Rd1 Rc5 39. Nc3 Ke6 40. a4 a6 41. Ne2 c3 42. Nd4+ Ke7 43. Nxf5+ Kd7 44. Nd4 Kc8 45. Rc1 Kb7 46. Kd3 Rgc8 47. Bg5 Rh8 48. f4 Kb6 49. Rxc3 Be4+ 50. Kd2 Rxc3 51. Kxc3 Kc5 52. e6 fxe6 53. Nxe6+ Kd6 54. Nd8 Rh7 55. Kd4 Bf5 56. Bf6 Kd7 57. Bg5 Bg4 58. Ke5 Bxh5 59. f5 Rxh6 60. Ke4 1/2-1/2

[Event "73rd RUS-ch Higher League 2020"]
[Site "Sochi"]
[Date "2020.10.14"]
[Round "6.16"]
[White "Zabotin, Alexander"]
[Black "Lugovskoy, Maxim"]
[Result "1-0"]
[ECO "D31"]
[WhiteElo "2486"]
[BlackElo "2420"]
[Annotator "RC"]
[PlyCount "79"]
[EventDate "2020.10.08"]
[EventType "swiss"]
[EventCountry "RUS"]
[SourceTitle "playchess.com"]
[Source "ChessBase"]
[SourceQuality "1"]
[TimeControl "40/5400+30:1800+30"]

1. d4 d5 2. c4 e6 3. Nc3 a6 4. cxd5 exd5 5. Qb3 Nf6 6. Bg5 c6 7. e4 Be7 8. Bxf6 Bxf6 9. e5 Be7 10. Bd3 b5 11. Nge2 Bb7 12. Qc2 Nd7 13. Bxh7 b4 14. Nd1 Nf8 15. Bf5 Qb6 16. b3 Ne6 17. Bxe6 fxe6 18. Nb2 Kd7 19. Na4 Qa7 20. Qg6 Raf8 21. Rc1 Qb8 22. Qxg7 Qe8 23. Nc5+ Kc8 24. Qg4 Rh6 25. f4 Rg8 26. Qf3 Qg6 27. Kf2 Qh7 28. h3 Rhg6 29. g4 Qh4+ 30. Ke3 Rf8 31. Qg3 Qh7 32. h4 Rh6 33. g5 Bxc5 34. Rxc5 Rh5 35. Qg4 Qe4+ 36. Kd2 Kb8 37. Qxh5 Rxf4 38. Rh2 Rf3 39. Qxf3 Qxf3 40. h5 1-0

[Event "73rd RUS-ch Higher League 2020"]
[Site "Sochi"]
[Date "2020.10.14"]
[Round "6.19"]
[White "Yuffa, Daniil"]
[Black "Klimentov, Evgeny"]
[Result "1-0"]
[ECO "A40"]
[WhiteElo "2583"]
[BlackElo "2222"]
[Annotator "RC"]
[PlyCount "79"]
[EventDate "2020.10.08"]
[EventType "swiss"]
[EventCountry "RUS"]
[SourceTitle "playchess.com"]
[Source "ChessBase"]
[SourceQuality "1"]
[TimeControl "40/5400+30:1800+30"]

1. d4 Nf6 2. c4 e6 3. g3 Bb4+ 4. Bd2 a5 5. Bg2 d6 6. e3 O-O 7. Ne2 Bxd2+ 8. Qxd2 Nbd7 9. O-O e5 10. Nbc3 Re8 11. h3 exd4 12. Nxd4 Nc5 13. Qc2 c6 14. Rad1 Qb6 15. Nb3 Nxb3 16. axb3 Nd7 17. Rxd6 Qb4 18. Rd3 Nc5 19. Na2 Qb6 20. Rc3 Be6 21. Rd1 g6 22. Nc1 Bf5 23. Qe2 Bb1 24. Rd4 Rad8 25. Qd1 Ra8 26. h4 Ne6 27. Rd6 Rad8 28. c5 Qc7 29. Ne2 Bf5 30. Qf1 g5 31. e4 Bg6 32. f4 gxf4 33. gxf4 Nxc5 34. Rxd8 Rxd8 35. Rxc5 Qb6 36. Qc1 Qxb3 37. Kh2 Qd3 38. Ng3 f6 39. Rxa5 Rd4 40. Ra8+ 1-0

[Event "73rd RUS-ch Higher League 2020"]
[Site "Sochi"]
[Date "2020.10.15"]
[Round "7.13"]
[White "Khismatullin, Denis"]
[Black "Murzin, Volodar"]
[Result "1/2-1/2"]
[ECO "E97"]
[WhiteElo "2604"]
[BlackElo "2465"]
[Annotator "RC"]
[PlyCount "94"]
[EventDate "2020.10.08"]
[EventType "swiss"]
[EventCountry "RUS"]
[SourceTitle "playchess.com"]
[Source "ChessBase"]
[SourceQuality "1"]
[TimeControl "40/5400+30:1800+30"]

1. c4 Nf6 2. Nc3 g6 3. e4 d6 4. d4 Bg7 5. Be2 O-O 6. Nf3 e5 7. O-O Nc6 8. d5 Ne7 9. b4 Nh5 10. Re1 f5 11. a4 Nf6 12. a5 c6 13. dxc6 bxc6 14. b5 fxe4 15. Ng5 cxb5 16. Ncxe4 Nxe4 17. Nxe4 b4 18. Nxd6 Be6 19. Bf3 Rb8 20. Bb2 Rxf3 21. gxf3 Nc6 22. f4 Qe7 23. f5 gxf5 24. f3 Kh8 25. Kh1 Rd8 26. c5 Qh4 27. Qe2 Bf6 28. Rad1 b3 29. Rg1 Qf4 30. Rg3 Rg8 31. Rdg1 Rxg3 32. Rxg3 Bd5 33. Qd3 Nd4 34. c6 Bd8 35. Nxf5 Bxf3+ 36. Rxf3 Qxf3+ 37. Qxf3 Nxf3 38. a6 Nd4 39. Nxd4 exd4 40. Kg2 Kg8 41. Kf3 Kf7 42. Bxd4 Ke6 43. Ke4 Bb6 44. Be5 Bc7 45. Bd4 Bb6 46. Be5 Bc7 47. Bd4 Bb6 1/2-1/2